TOP OF THE 1ST |
---|
Austin River Sharks batting - Pitching for St. Louis Browns : LHP Jeff Sandusky | Pitching: LHP Jeff Sandusky | | Batting: LHB José Lińares | 0-0: Fly out, F9 (Line Drive, 89M) | Batting: RHB Richard Coker | 0-0: Ball 1-0: SINGLE (Groundball, 34D) | Batting: RHB Edward Young | 0-0: Swinging Strike 0-1: Called Strike 0-2: Strikes out swinging | Batting: RHB Júlio Figueroa | 0-0: Ball 1-0: Fielders Choice at 2nd, 6-4 (Groundball, 6) | Top of the 1st over - 0 runs, 1 hit, 0 errors, 1 left on base; Austin 0 - St. Louis 0 | BOTTOM OF THE 1ST |
---|
St. Louis Browns batting - Pitching for Austin River Sharks : LHP António Bueno | Pitching: LHP António Bueno | | Batting: RHB José Flores | 0-0: Ball 1-0: Ball 2-0: Called Strike 2-1: Called Strike 2-2: SOLO HOME RUN (Line Drive, 78XD), Distance : 414 ft | Batting: RHB Anthony Rucker | 0-0: Ball 1-0: Called Strike 1-1: Ball 2-1: Called Strike 2-2: Ground out 4-3 (Groundball, 4) | Batting: RHB Carlos Alfaro | 0-0: Called Strike 0-1: Ball 1-1: Foul Ball, location: 2F 1-2: Foul Ball, location: 2F 1-2: Ball 2-2: Ball 3-2: Fly out, F7 (Flyball, 7) | Batting: RHB Vicente Valentín | 0-0: Ball 1-0: Called Strike 1-1: Ground out 1-3 (Groundball, 13) | Bottom of the 1st over - 1 run, 1 hit, 0 errors, 0 left on base; Austin 0 - St. Louis 1 | TOP OF THE 2ND |
---|
Austin River Sharks batting - Pitching for St. Louis Browns : LHP Jeff Sandusky | Batting: RHB Pedro Guzmán | 0-0: Foul Ball, location: 2F 0-1: Called Strike 0-2: Strikes out looking | Batting: RHB Tony Cruz | 0-0: Called Strike 0-1: Foul Ball, location: 2F 0-2: Ball 1-2: Foul Ball, location: 2F 1-2: Foul Ball, location: 2F 1-2: Ground out 4-3 (Groundball, 4M) | Batting: RHB Andy Aiton | 0-0: Called Strike 0-1: Ball 1-1: Ball 2-1: Swinging Strike 2-2: Foul Ball, location: 2F 2-2: Ball 3-2: Base on Balls | Batting: RHB Todd Bryant | 0-0: Ball 1-0: Swinging Strike 1-1: Called Strike 1-2: Strikes out swinging | Top of the 2nd over - 0 runs, 0 hits, 0 errors, 1 left on base; Austin 0 - St. Louis 1 | BOTTOM OF THE 2ND |
---|
St. Louis Browns batting - Pitching for Austin River Sharks : LHP António Bueno | Batting: RHB António Venecia | 0-0: Ball 1-0: Foul Ball, location: 2F 1-1: Foul Ball, location: 2F 1-2: Foul Ball, location: 2F 1-2: Foul Ball, location: 2F 1-2: SOLO HOME RUN (Flyball, 78XD), Distance : 445 ft | Batting: LHB Robin Hill | 0-0: Called Strike 0-1: Hit by Pitch | Batting: RHB Javier Martínez | 0-0: Ball Wild Pitch! Robin Hill to second 1-0: Called Strike 1-1: Ball 2-1: DOUBLE (Line Drive, 7LM) Robin Hill scores | Batting: SHB David Johnstone | 0-0: Ball 1-0: Foul Ball, location: 2F 1-1: Ball 2-1: Ball 3-1: Called Strike 3-2: Foul Ball, location: 2F 3-2: SINGLE (Flyball, 9LS) Javier Martínez to third Runner from 3rd tries for Home, SAFE, no throw | Batting: LHB Dave Watson | 0-0: Called Strike 0-1: Fly out, F2 (Popup, 23F) | Batting: RHB José Flores | 0-0: Called Strike 0-1: Ball 1-1: Called Strike 1-2: Ball 2-2: Fly out, F8 (Flyball, 8LD) | Batting: RHB Anthony Rucker | 0-0: Ball 1-0: Ball 2-0: Called Strike 2-1: Ball 3-1: Base on Balls David Johnstone to second | Batting: RHB Carlos Alfaro | 0-0: Ball 1-0: Ball 2-0: Swinging Strike 2-1: Foul Ball, location: 2F 2-2: Foul Ball, location: 2F 2-2: Fielders Choice at 2nd, 6-4 (Groundball, 6) | Bottom of the 2nd over - 3 runs, 3 hits, 0 errors, 2 left on base; Austin 0 - St. Louis 4 | TOP OF THE 3RD |
---|
Austin River Sharks batting - Pitching for St. Louis Browns : LHP Jeff Sandusky | Batting: LHB Enrico Vargas | 0-0: Swinging Strike 0-1: Swinging Strike 0-2: Ball 1-2: Ground out 1-3 (Groundball, P) | Batting: LHB José Lińares | 0-0: Ground out 6-3 (Groundball, 6) | Batting: RHB Richard Coker | 0-0: Called Strike 0-1: Foul Ball, location: 2F 0-2: Ball 1-2: Ball 2-2: Ground out 6-3 (Groundball, 6) | Top of the 3rd over - 0 runs, 0 hits, 0 errors, 0 left on base; Austin 0 - St. Louis 4 | BOTTOM OF THE 3RD |
---|
St. Louis Browns batting - Pitching for Austin River Sharks : LHP António Bueno | Batting: RHB Vicente Valentín | 0-0: SINGLE (Flyball, 7LS) | Batting: RHB António Venecia | 0-0: Ball 1-0: Called Strike 1-1: Called Strike 1-2: Foul Ball, location: 2F 1-2: Ground out 5-3 (Groundball, 56S) Vicente Valentín to second | Batting: LHB Robin Hill | 0-0: Called Strike 0-1: Called Strike 0-2: Ball 1-2: Ball 2-2: Ground out U3 (Groundball, 3) Vicente Valentín to third | Batting: RHB Javier Martínez | 0-0: Ground out 1-3 (Groundball, 13) | Bottom of the 3rd over - 0 runs, 1 hit, 0 errors, 1 left on base; Austin 0 - St. Louis 4 | TOP OF THE 4TH |
---|
Austin River Sharks batting - Pitching for St. Louis Browns : LHP Jeff Sandusky | Batting: RHB Edward Young | 0-0: Ball 1-0: Foul Ball, location: 2F 1-1: Foul Ball, location: 2F 1-2: DOUBLE (Flyball, 78D) | Batting: RHB Júlio Figueroa | 0-0: Ball 1-0: SINGLE (Line Drive, 6MD) Edward Young to third | Batting: RHB Pedro Guzmán | 0-0: Ball 1-0: Called Strike 1-1: Ball 2-1: Foul Ball, location: 2F 2-2: Foul Ball, location: 2F 2-2: Foul Ball, location: 2F 2-2: Foul Ball, location: 2F 2-2: Strikes out swinging | Batting: RHB Tony Cruz | 0-0: Foul Ball, location: 2F 0-1: 3-RUN HOME RUN (Line Drive, 7LD), Distance : 355 ft | Batting: RHB Andy Aiton | 0-0: Called Strike 0-1: Fly out, F4 (Popup, 4) | Batting: RHB Todd Bryant | 0-0: Called Strike 0-1: Ball 1-1: Ball 2-1: Ground out U3 (Groundball, 34S) | Top of the 4th over - 3 runs, 3 hits, 0 errors, 0 left on base; Austin 3 - St. Louis 4 | BOTTOM OF THE 4TH |
---|
St. Louis Browns batting - Pitching for Austin River Sharks : LHP António Bueno | Batting: SHB David Johnstone | 0-0: Foul Ball, location: 2F 0-1: Ball 1-1: Ball 2-1: SINGLE (Line Drive, 5D) | Batting: LHB Dave Watson | 0-0: Fielders Choice at 2nd, 5-4 (Groundball, 56) | |
---|
| Batting: RHB José Flores | 0-0: Called Strike 0-1: Ball 1-1: Ground out 5-3 (Groundball, 56S) Dave Watson to second | Batting: RHB Anthony Rucker | 0-0: Foul Ball, location: 2F 0-1: Fly out, F9 (Line Drive, 89S) | Bottom of the 4th over - 0 runs, 1 hit, 0 errors, 1 left on base; Austin 3 - St. Louis 4 | TOP OF THE 5TH |
---|
Austin River Sharks batting - Pitching for St. Louis Browns : LHP Jeff Sandusky | Batting: LHB Enrico Vargas | 0-0: Called Strike 0-1: Ball 1-1: Ball 2-1: Ball 3-1: Foul Ball, location: 2F 3-2: Ground out 6-3 (Groundball, 6) | Batting: LHB José Lińares | 0-0: Called Strike 0-1: Ball 1-1: Ground out U3 (Groundball, 3) | Batting: RHB Richard Coker | 0-0: Swinging Strike 0-1: Ball 1-1: Called Strike 1-2: Foul Ball, location: 2F 1-2: Ball 2-2: Foul Ball, location: 2F 2-2: Ball 3-2: Ground out 6-3 (Groundball, 6MS) | Top of the 5th over - 0 runs, 0 hits, 0 errors, 0 left on base; Austin 3 - St. Louis 4 | BOTTOM OF THE 5TH |
---|
St. Louis Browns batting - Pitching for Austin River Sharks : LHP António Bueno | Batting: RHB Carlos Alfaro | 0-0: Foul Ball, location: 2F 0-1: Ball 1-1: SOLO HOME RUN (Flyball, 7LD), Distance : 362 ft | Batting: RHB Vicente Valentín | 0-0: Ground out 4-3 (Groundball, 4) | Batting: RHB António Venecia | 0-0: Foul Ball, location: 2F 0-1: Called Strike 0-2: Ball 1-2: SINGLE (Groundball, 6M) (infield hit) | Pitching: RHP Carlos Hernández | | Batting: LHB Robin Hill | 0-0: Foul Ball, location: 2F 0-1: Ball 1-1: Fly out, F6 (Popup, 6MS) | Batting: RHB Javier Martínez | 0-0: Called Strike 0-1: Fielders Choice at 2nd, 5-4 (Groundball, 56) | Bottom of the 5th over - 1 run, 2 hits, 0 errors, 1 left on base; Austin 3 - St. Louis 5 | TOP OF THE 6TH |
---|
Austin River Sharks batting - Pitching for St. Louis Browns : LHP Jeff Sandusky | Batting: RHB Edward Young | 0-0: Foul Ball, location: 2F 0-1: Ground out 4-3 (Groundball, 34) | Batting: RHB Júlio Figueroa | 0-0: Ball 1-0: Ball 2-0: SINGLE (Line Drive, 4M) | Batting: RHB Pedro Guzmán | 0-0: Ball 1-0: Ball 2-0: Ball 3-0: Base on Balls Júlio Figueroa to second | Batting: RHB Tony Cruz | 0-0: Foul Ball, location: 2F 0-1: Swinging Strike 0-2: Ball 1-2: Foul Ball, location: 2F 1-2: Ball 2-2: Strikes out looking | Batting: RHB Andy Aiton | 0-0: Ball 1-0: Ball 2-0: Ball 3-0: Base on Balls Júlio Figueroa to third Pedro Guzmán to second | Batting: RHB Todd Bryant | 0-0: Called Strike 0-1: Ball 1-1: Called Strike 1-2: Foul Ball, location: 2F 1-2: Strikes out looking | Top of the 6th over - 0 runs, 1 hit, 0 errors, 3 left on base; Austin 3 - St. Louis 5 | BOTTOM OF THE 6TH |
---|
St. Louis Browns batting - Pitching for Austin River Sharks : RHP Carlos Hernández | Batting: SHB David Johnstone | 0-0: Ball 1-0: Called Strike 1-1: Swinging Strike 1-2: Foul Ball, location: 2F 1-2: Ball 2-2: Strikes out swinging | Batting: LHB Dave Watson | 0-0: Ball 1-0: Called Strike 1-1: Ball 2-1: Called Strike 2-2: Foul Ball, location: 2F 2-2: Ball 3-2: Foul Ball, location: 2F 3-2: Strikes out looking | Batting: RHB José Flores | 0-0: Fly out, F7 (Line Drive, 7) | Bottom of the 6th over - 0 runs, 0 hits, 0 errors, 0 left on base; Austin 3 - St. Louis 5 | TOP OF THE 7TH |
---|
Austin River Sharks batting - Pitching for St. Louis Browns : LHP Jeff Sandusky | Pitching: LHP Enrique Muńóz | | Batting: LHB Enrico Vargas | 0-0: Called Strike 0-1: Ball 1-1: Swinging Strike 1-2: Ball 2-2: Ball 3-2: Fly out, F4 (Line Drive, 4) | Batting: LHB José Lińares | 0-0: Ball 1-0: Fly out, F7 (Flyball, 7S) | Batting: RHB Richard Coker | 0-0: Ball 1-0: Called Strike 1-1: Ball 2-1: SOLO HOME RUN (Line Drive, 9D), Distance : 379 ft | Batting: RHB Edward Young | 0-0: Called Strike 0-1: Ball 1-1: Called Strike 1-2: Foul Ball, location: 2F 1-2: Ball 2-2: Strikes out swinging | Top of the 7th over - 1 run, 1 hit, 0 errors, 0 left on base; Austin 4 - St. Louis 5 | BOTTOM OF THE 7TH |
---|
St. Louis Browns batting - Pitching for Austin River Sharks : RHP Carlos Hernández | Batting: RHB Anthony Rucker | 0-0: Called Strike 0-1: SINGLE (Flyball, 89S) | Batting: RHB Carlos Alfaro | 0-0: Called Strike 0-1: Ball 1-1: Foul Ball, location: 2F 1-2: Ball 2-2: Fly out, F9 (Flyball, 9LSF) | Pinch Hitting: LHB Mike Hill | 0-0: Called Strike 0-1: Called Strike 0-2: Ground out 5-3 (Groundball, 5) Anthony Rucker to second | Batting: RHB António Venecia | 0-0: Ball 1-0: Swinging Strike 1-1: Ball 2-1: Reached on error, E5 (Groundball, 56) Anthony Rucker to third | Batting: LHB Robin Hill | 0-0: Ball 1-0: Ball 2-0: Ball 3-0: Called Strike 3-1: Base on Balls António Venecia to second | Pinch Hitting: LHB Junior Coates | 0-0: Ball 1-0: Called Strike 1-1: Ball 2-1: Called Strike 2-2: Ball 3-2: Ground out 6-3 (Groundball, 6) | Bottom of the 7th over - 0 runs, 1 hit, 1 error, 3 left on base; Austin 4 - St. Louis 5 | TOP OF THE 8TH |
---|
Austin River Sharks batting - Pitching for St. Louis Browns : LHP Enrique Muńóz | Now in LF: Mike Hill | | Now in RF: Junior Coates | | Batting: RHB Júlio Figueroa | 0-0: SINGLE (Line Drive, 6MD) | Batting: RHB Pedro Guzmán | 0-0: Ball 1-0: Ball 2-0: Fly out, F7 (Flyball, 7LM) | Batting: RHB Tony Cruz | 0-0: Ball 1-0: Ball 2-0: SINGLE (Groundball, 6MD) Júlio Figueroa to second | Batting: RHB Andy Aiton | 0-0: Fly out, F3 (Popup, 34S) | Batting: RHB Todd Bryant | 0-0: Ball 1-0: Ball 2-0: Called Strike 2-1: Ball 3-1: Foul Ball, location: 2F 3-2: Base on Balls Júlio Figueroa to third Tony Cruz to second | Batting: LHB Enrico Vargas | 0-0: SINGLE (Line Drive, 9LM) Júlio Figueroa scores Tony Cruz to third Todd Bryant to second Runner from 3rd tries for Home, SAFE, no throw | Batting: LHB José Lińares | 0-0: Ball 1-0: Swinging Strike 1-1: Ball 2-1: Fielders Choice at 2nd, U6 (Groundball, 6M) | Top of the 8th over - 2 runs, 3 hits, 0 errors, 2 left on base; Austin 6 - St. Louis 5 | BOTTOM OF THE 8TH |
---|
St. Louis Browns batting - Pitching for Austin River Sharks : RHP Carlos Hernández | Batting: SHB David Johnstone | 0-0: Called Strike 0-1: Ball 1-1: Called Strike 1-2: Foul Ball, location: 2F 1-2: SINGLE (Groundball, 6M) (infield hit) | Pinch Runner at 1st Miguel Medellín: | | Batting: LHB Dave Watson | 0-0: Ball 1-0: Ball 2-0: Sac Bunt - play at first, batter OUT! 1-4 Miguel Medellín to second | Batting: RHB José Flores | 0-0: Ground out 6-3 (Groundball, 6) | Batting: RHB Anthony Rucker | 0-0: SINGLE (Line Drive, 89M) Miguel Medellín to third Runner from 3rd tries for Home, SAFE, no throw | Batting: RHB Carlos Alfaro | 0-0: Swinging Strike 0-1: Fielders Choice at 2nd, 6-4 (Groundball, 6) | Bottom of the 8th over - 1 run, 2 hits, 0 errors, 1 left on base; Austin 6 - St. Louis 6 | TOP OF THE 9TH |
---|
Austin River Sharks batting - Pitching for St. Louis Browns : LHP Enrique Muńóz | Pitching: RHP António Ramos | | Now in RF: Miguel Medellín | | Batting: RHB Richard Coker | 0-0: Fly out, F8 (Flyball, 78XD) | Pinch Hitting: LHB Greg Nelson | 0-0: Foul Ball, location: 2F 0-1: Called Strike 0-2: Ground out 4-3 (Groundball, 4) | Batting: RHB Júlio Figueroa | 0-0: Called Strike 0-1: Ball 1-1: Called Strike 1-2: Foul Ball, location: 2F 1-2: Ball 2-2: Strikes out looking | Top of the 9th over - 0 runs, 0 hits, 0 errors, 0 left on base; Austin 6 - St. Louis 6 | BOTTOM OF THE 9TH |
---|
St. Louis Browns batting - Pitching for Austin River Sharks : RHP Carlos Hernández | Pitching: RHP Paco Gutiérrez | | Now in RF: Greg Nelson | | Batting: LHB Mike Hill | 0-0: Ball 1-0: Ball 2-0: SINGLE (Line Drive, 78S) | Batting: RHB António Venecia | 0-0: Ball 1-0: Fly out, F7 (Flyball, 7D) | Batting: LHB Robin Hill | 0-0: Ball 1-0: Ball 2-0: Ball 3-0: Base on Balls Mike Hill to second | Batting: LHB Junior Coates | 0-0: Ground out 4-3 (Groundball, 34D) Mike Hill to third Robin Hill to second | Batting: LHB Miguel Medellín | 0-0: Ball 1-0: Swinging Strike 1-1: Ball 2-1: Ball 3-1: Ground out U3 (Groundball, 3) | Bottom of the 9th over - 0 runs, 1 hit, 0 errors, 2 left on base; Austin 6 - St. Louis 6 | TOP OF THE 10TH |
---|
Austin River Sharks batting - Pitching for St. Louis Browns : RHP António Ramos | Batting: RHB Pedro Guzmán | 0-0: Ball 1-0: Ground out 1-3 (Groundball, 15S) | Batting: RHB Tony Cruz | 0-0: Called Strike 0-1: Foul Ball, location: 2F 0-2: Ball 1-2: Strikes out swinging | Batting: RHB Andy Aiton | 0-0: Ball 1-0: SINGLE (Line Drive, 89S) | Batting: RHB Todd Bryant | 0-0: Fielders Choice at 2nd, 5-4 (Groundball, 56) | Top of the 10th over - 0 runs, 1 hit, 0 errors, 1 left on base; Austin 6 - St. Louis 6 | BOTTOM OF THE 10TH |
---|
St. Louis Browns batting - Pitching for Austin River Sharks : RHP Paco Gutiérrez | Batting: LHB Dave Watson | 0-0: Ball 1-0: DOUBLE (Line Drive, 3D) | Batting: RHB José Flores | 0-0: Ball 1-0: Foul Ball, location: 2F 1-1: Swinging Strike 1-2: Ball 2-2: Ground out 6-3 (Groundball, 6S) Dave Watson to third | Batting: RHB Anthony Rucker | 0-0: Intentional Walk | Batting: RHB Carlos Alfaro | 0-0: Ball Anthony Rucker steals 2nd base 1-0: Intentional Walk | Batting: LHB Mike Hill | 0-0: Called Strike 0-1: Foul Ball, location: 2F 0-2: Foul Ball, location: 2F 0-2: Ball 1-2: SINGLE (Groundball, 34D) Dave Watson scores | Saturday, December 16th, 2017 - OOTP Baseball 18.8 Build 76 |
|